 Dungeon Crawl Stone Soup version 0.31-a0-319-g4fced400ed (webtiles) character file.

Game seed: 17612215807635652306

134 olmar the Changeling (level 4, 0/34 HPs)
             Began as a Demonspawn Shapeshifter on July 17, 2023.
             Slain by Grinder (8 damage)
             ... on level 3 of the Dungeon.
             The game lasted 00:04:10 (1761 turns).

olmar the Changeling (Demonspawn Shapeshifter)      Turns: 1761, Time: 00:04:11

Health: 0/34       AC:  2    Str: 17    XL:     4   Next: 95%
Magic:  4/4        EV: 12    Int:  9    God:
Gold:   103        SH:  0    Dex: 14    Spells: 3/3 levels left

rFire   . .          .
                       - Unarmed
rCold   . . .        (no shield)
rNeg    . . .        a - +0 animal skin
rPois   .            (helmet currently unavailable)
rElec   .            (cloak currently unavailable)
rCorr   .            (gloves currently unavailable)
SInv    .            (boots currently unavailable)
Will    .....        (no amulet)
Stlth   +            (no ring)
HPRegen 0.25/turn    (no ring)
MPRegen 0.09/turn

%: no passive effects
@: beast-form, silenced, on berserk cooldown
A: beast (slay +2), claws 1, demonic magic 1
a: Begin Untransformation


You were on level 3 of the Dungeon.
You were a hulking beast.
You visited 1 branch of the dungeon, and saw 3 of its levels.

You collected 103 gold pieces.

Inventory:

Missiles
 o - 5 javelins
Armour
 a - a +0 animal skin (worn)
Talismans
 c - a beast talisman
Scrolls
 h - a scroll of fog
 j - a scroll of revelation {unknown}
 k - a scroll of blinking {unknown}
 m - a scroll of teleportation {unknown}
 p - a scroll of noise {unknown}
Potions
 b - a potion of lignification
 f - a potion of degeneration
 g - 2 potions of enlightenment


   Skills:
 + Level 2.5 Fighting
 + Level 2.2 Dodging
 + Level 0.8 Stealth
 + Level 3.1 Unarmed Combat
 + Level 3.4 Shapeshifting


You had 3 spell levels left.
You didn't know any spells.
Your spell library contained the following spells:

 Spells                   Type           Power      Damage    Failure   Level
 Cigotuvi's Dreadful Rot  Necr/Pois/Air  0%         N/A       52%         2
 Ignite Poison            Fire/Tmut/Pois 0%         N/A       77%         3
 Volatile Blastmotes      Fire/Tloc      0%         2d10      77%         3
 Fulminant Prism          Conj/Hex       0%         3d5       99%         4
 Iskenderun's Mystic Bla  Conj/Tloc      0%         2d3       99%         4
 Freezing Cloud           Conj/Ice/Air   0%         6-21      100%        5


Dungeon Overview and Level Annotations

Branches:
Dungeon (3/15)

Altars:

Shops:
D:3 :

Annotations:
D:3 Grinder


Innate Abilities, Weirdness & Mutations

You are a hulking beast.
Your limbs bulge with bestial killing power. (Slay +2)
You have sharp fingernails.
Spells you cast may paralyse adjacent enemies.


Message History

You are too injured to fight recklessly!
Unknown command.
You are too injured to fight recklessly!
Unknown command.
You are too injured to fight recklessly!
You are too injured to fight recklessly!
You closely miss Grinder.
Grinder is lightly wounded.
Grinder blinks!
Grinder barely misses you.
Press: ? - help, v - describe, . - travel The floor.
This square is shrouded in silence.
You barely miss Grinder.
Grinder is lightly wounded.
You feel yourself speed up. Grinder misses you.
Attack: -) Claws
Press: ? - help, Dir - move target, f/p - Grinder
Aim: Grinder (silenced, lightly wounded, unaffected by silence, about 36% to evade your claws)
Okay, then.
Press: ? - help, v - describe, . - travel
Here: Grinder (silenced, lightly wounded, unaffected by silence)
A fountain of clear blue water.
You are too injured to fight recklessly!
Unknown command.
Unknown command.
You are too injured to fight recklessly!
You scratch Grinder but do no damage.
Grinder is lightly wounded.
Grinder hits you.
You writhe in agony.
* * * LOW HITPOINT WARNING * * *
You claw Grinder!
Grinder is moderately wounded.
Grinder gestures at you.
You barely resist. You scratch Grinder.
Grinder is moderately wounded.
Grinder hits you!
You die...

###....##..####
#......# ...#
#......# #...
#..⌠.⌠.# #. #......#
#...∩..# ##..†..#
#.5.⌠.# #.h...#
##..##############
##.)............#
####...........#
#[..........#
#............
#............
########....†.......
#...................


You could see Grinder (unsilenced).

Vanquished Creatures
  An orc priest (D:3)
  An iguana (D:3)
  4 adders (D:2)
  5 orcs (D:3)
  4 endoplasms
  2 goblins
  5 hobgoblins
  3 kobolds
  2 quokkas
  A ball python (D:2)
  7 bats
  2 frilled lizards
  5 rats
42 creatures vanquished.

Notes
Turn   | Place    | Note
-------+----------+-------------------------------------------
     0 | D:1      | olmar the Demonspawn Shapeshifter began the quest for the
                  | Orb.
     0 | D:1      | Reached XP level 1. HP: 16/16 MP: 1/1
   223 | D:1      | Gained mutation: Spells you cast may paralyse adjacent
                  | enemies. [demonic ancestry]
   223 | D:1      | Reached XP level 2. HP: 12/22 MP: 2/2
   998 | D:2      | Gained mutation: You have sharp fingernails. [demonic
                  | ancestry]
   998 | D:2      | Reached XP level 3. HP: 24/27 MP: 3/3
  1579 | D:3      | Noticed Grinder
  1656 | D:3      | Reached XP level 4. HP: 32/34 MP: 4/4
  1668 | D:3      | Found Bishoesa's Vocational Training.
  1744 | D:3      | Paralysed by Grinder for 2 turns
  1761 | D:3      | Slain by Grinder

Illustrated notes

Levels and vault maps discovered:
D:1:      tarquinn_simple_flora_water_b, layout_loops_ring
D:2:      layout_basic, kennysheep_generic_room_11
D:3:      layout_basic, nicolae_shop_vocational, uniq_robin, uniq_grinder

Skill      XL: |  1  2  3  4 |
---------------+-------------+-----
Shapeshifting  | 3 |  3.4
Unarmed Combat | 2 3 |  3.1
Dodging        | 2 |  2.2
Fighting       | |  2.5
Stealth        | |  0.8

Action                     |  1- 3 |  4- 6 || total
---------------------------+-------+-------++-------
  Melee: Unarmed           |   112 |    58 ||   170
         Punch             |     1 |     1 ||     2
    Use: Scroll            |     3 |     1 ||     4
         Potion            |       |     4 ||     4
   Stab: Sleeping          |     2 |       ||     2
 Armour: Animal skin       |    14 |       ||    14
         Skin              |       |    27 ||    27
  Dodge: Dodged            |    65 |    16 ||    81

Table legend: (Time is in decaauts)
 A = Elapsed time spent in this place.
 B = Non-inter-level travel time spent in this place.
 C = Inter-level travel time spent in this place.
 D = Time resting spent in this place.
 E = Time spent auto-exploring this place.
 F = Levels seen in this place.
 G = Mean time per level.
                   A        B        C        D        E       F      G
               +--------+--------+--------+--------+--------+-----+--------+
         Total |   1759 |   1679 |     80 |     43 |   1289 |   3 |  586.3 |
       Dungeon |   1759 |   1679 |     80 |     43 |   1289 |   3 |  586.3 |
               +--------+--------+--------+--------+--------+-----+--------+

Top non-repeatable levels by time:
     D:2: 926 daAuts
     D:1: 685 daAuts
     D:3: 147 daAuts
